 Dungeon Crawl Stone Soup version 0.28.0-43-g3370ac3207 (webtiles) character file.

Game seed: 11979940478391821762

11320 NotEbe the Carver (level 11, -10/99 HPs)
             Began as a Minotaur Fighter on Mar 5, 2022.
             Was a Believer of the Shining One.
             Mangled by Urug
             ... wielding a +5 eveningstar
              (24 damage)
             ... on level 12 of the Dungeon.
             The game lasted 00:22:20 (12243 turns).

NotEbe the Carver (Minotaur Fighter)               Turns: 12243, Time: 00:22:21

Health: -10/99     AC: 18    Str: 24    XL:     11   Next: 47%
Magic:  0/10       EV: 13    Int:  5    God:    the Shining One [**....]
Gold:   601        SH:  0    Dex: 11    Spells: 10/10 levels left

rFire   x . .      SeeInvis .   a - +3 great sword
rCold   + . .      Faith    .   (shield currently unavailable)
rNeg    + . .      Spirit   +   Q - +0 plate armour
rPois   .          Reflect  .   (helmet restricted)
rElec   .          Harm     .   (no cloak)
rCorr   .          Rampage  .   E - +0 pair of gloves
Will    .....                   s - +1 pair of boots
Stlth   ..........              q - amulet of guardian spirit
HPRegen 0.26/turn               R - +4 ring of evasion
MPRegen 0.12/turn               y - ring of ice

@: glowing
A: horns 2, retaliatory headbutt
a: Renounce Religion, Divine Shield


You were on level 12 of the Dungeon.
You worshipped the Shining One.
The Shining One was pleased with you.
You visited 1 branch of the dungeon, and saw 12 of its levels.

You collected 601 gold pieces.

Inventory:

Hand Weapons
 a - a +3 great sword (weapon)
 d - a +4 scimitar
 r - a +1 dagger of flaming
 H - a +3 scimitar of flaming
Armour
 b - a +1 scale mail
 c - a +0 buckler
 k - a +0 ring mail
 l - the +0 robe of the Mantidfly {Dex+3}
   (You found it on level 2 of the Dungeon)

   Dex:       It affects your dexterity (+3).
 o - the +0 ring mail of Cibe {Rampage rPois Int-5 Slay+2}
   (You found it on level 3 of the Dungeon)

   Int:       It affects your intelligence (-5).
   Slay:      It affects your accuracy & damage with ranged weapons and melee
   (+2).
   rPois:     It protects you from poison.
   Rampage:   It bestows one free step when moving towards enemies.
 s - a +1 pair of boots (worn)
 E - a +0 pair of gloves (worn)
 J - the +4 leather armour of Ferocious Wonder {rC++ Dex-3 Stlth+}
   (You found it on level 10 of the Dungeon)

   Dex:       It affects your dexterity (-3).
   rC:        It greatly protects you from cold.
   Stlth:     It makes you more stealthy.
 L - a +3 leather armour of cold resistance
 P - a +0 robe of positive energy
 Q - a +0 plate armour (worn)
 V - a +1 ring mail of cold resistance
Magical Staves
 v - a staff of fire
Jewellery
 g - a ring of ice
 n - a ring of wizardry
 q - an amulet of guardian spirit (around neck)
 w - an amulet of the acrobat
 y - a ring of ice (right hand)
 M - an amulet of magic regeneration
 R - a +4 ring of evasion (left hand)
Wands
 f - a wand of iceblast (9)
 j - a wand of flame (39) (quivered)
Scrolls
 h - 2 scrolls of holy word
 i - 4 scrolls of amnesia
 t - 5 scrolls of identify
 u - 2 scrolls of vulnerability
 x - a scroll of summoning {unknown}
 A - a scroll of noise {unknown}
 D - 3 scrolls of silence
 I - 2 scrolls of immolation {unknown}
 K - a scroll of fear {unknown}
 T - 2 scrolls of teleportation
 W - a scroll of brand weapon {unknown}
 Y - a scroll of enchant weapon
 Z - a scroll of magic mapping {unknown}
Potions
 e - 2 potions of degeneration
 p - 4 potions of curing
 z - a potion of flight
 B - a potion of ambrosia {unknown}
 C - a potion of invisibility {unknown}
 F - 2 potions of lignification {unknown}
 G - a potion of haste
 N - 3 potions of magic {unknown}
 O - a potion of brilliance {unknown}
 U - 2 potions of mutation {unknown}
Miscellaneous
 m - a piece from Xom's chessboard (15/15)
 S - a tin of tremorstones (2/2)


   Skills:
 + Level 10.0 Fighting
 + Level 14.9 Long Blades
 + Level 10.8 Armour
 + Level 4.8 Dodging
 + Level 2.0 Stealth
 + Level 6.4 Shields
 + Level 0.2 Evocations


You had 10 spell levels left.
You didn't know any spells.
Your spell library contained the following spells:

 Spells                   Type           Power      Damage    Failure   Level
 Slow                     Hex            0%         N/A       99%         1
 Corpse Rot               Necr/Air       0%         N/A       100%        2
 Poisonous Vapours        Pois/Air       0%         N/A       100%        2
 Sublimation of Blood     Necr           0%         N/A       100%        2
 Wereblood                Tmut           0%         N/A       100%        2
 Confusing Touch          Hex            0%         N/A       100%        3
 Tukima's Dance           Hex            0%         N/A       100%        3
 Vampiric Draining        Necr           0%         2d6       100%        3
 Passage of Golubria      Tloc           0%         N/A       100%        4
 Yara's Violent Unravell  Hex/Tmut       0%         3d3       100%        5
 Summon Hydra             Summ           0%         N/A       100%        7


Dungeon Overview and Level Annotations

Branches:
Dungeon (12/15)            Temple (0/1) D:6            Lair (0/6) D:11
    Orc (0/2) D:9

Altars:
Elyvilon
Fedhas
Nemelex Xobeh
Okawaru
Sif Muna
Uskayaw
Vehumet
Xom
Yredelemnul
Zin
The Shining One

Shops:
D:4 ?

Annotations:
D:12 Urug


Innate Abilities, Weirdness & Mutations

You have a pair of horns on your head.
You reflexively headbutt those who attack you in melee.


Message History

The ten-headed hydra bites you! The ten-headed hydra misses you.
The ten-headed hydra bites you.
The ten-headed hydra bites you but does no damage.
The ten-headed hydra bites you.
The ten-headed hydra completely misses you.
The ten-headed hydra bites you.
The ten-headed hydra bites you but does no damage.
The ten-headed hydra barely misses you.
The ten-headed hydra bites you but does no damage.
As you read the scroll of teleportation, it crumbles to dust.
You feel strangely unstable.
The ten-headed hydra bites you but does no damage. x2
The ten-headed hydra bites you. x3
The ten-headed hydra bites you but does no damage. x4
The ten-headed hydra bites you.
Unknown command.
Your surroundings suddenly seem different.
Urug, 2 orcs, a centaur and an efreet come into view.
The efreet is wielding a +0 scimitar of flaming.
Urug shouts!
The orc warrior shouts!
You hear a shout!
An orc comes into view. It is wielding a +0 short sword.
You feel better.
The centaur wields a +0 shortbow.
The centaur shoots an arrow.
The arrow misses you.
An orc comes into view. It is wielding a +0 falchion.
The centaur shoots an arrow.
The arrow hits you but does no damage.
Okay, then.
Urug hits you with a +5 eveningstar! The efreet gestures at you.
The bolt of fire hits you!! The fire burns you terribly!
* * * LOW HITPOINT WARNING * * *
The orc warrior hits you with a +0 scimitar.
* * * LOW HITPOINT WARNING * * *
Urug hits you with a +5 eveningstar.
* * * LOW HITPOINT WARNING * * *
The efreet gestures at you. The bolt of fire hits you!
The fire burns you terribly!
* * * LOW HITPOINT WARNING * * *
Unknown command.
You feel better. Urug hits you with a +5 eveningstar!!
You die...

.........#
.........#
.........######
.............o.
............o.o
#.......o#
#.....R..#
#....○.oc#
#......o@#
..........#
...........
............
.............
.............
.............
.#####........


You could see Urug, an efreet, an orc warrior, a centaur and an orc.

Vanquished Creatures
  Erolcha (D:9)
  Erica (D:8)
  Pikel (D:7)
  Joseph (D:7)
  A gargoyle (D:11)
  A komodo dragon (D:10)
  3 kobold demonologists (D:11)
  A wraith (D:9)
  5 humans (D:10)
  A shadow (D:10)
  9 yaks
  Grum (D:11)
  2 steam dragons
  A warg (D:9)
  2 water moccasins (D:7)
  3 orc warriors
  An ice beast (D:6)
  A sky beast (D:7)
  A black bear (D:7)
  A necrophage (D:7)
  2 ogres
  5 centaurs
  A lemure (D:7)
  3 wolves (D:11)
  2 kobold brigands
  2 bullfrogs (D:7)
  3 gnoll sergeants
  2 scorpions
  5 killer bees (D:8)
  9 wights
  2 hounds
  5 centaur zombies
  4 orc priests
  A centaur skeleton (D:4)
  2 gnoll shamans
  An iguana (D:6)
  7 orc wizards
  A hound skeleton (D:4)
  A mummy (D:4)
  Robin (D:3)
  A howler monkey zombie (D:9)
  13 adders
  23 gnolls
  A howler monkey skeleton (D:7)
  2 shadow imps
  2 adder skeletons (D:4)
  3 worms
  2 dart slugs
  30 orcs
  7 ball pythons
  4 endoplasms
  4 giant cockroaches
  25 goblins
  14 hobgoblins
  11 jackals
  2 quokkas
  7 bats
  2 frilled lizards
  2 hobgoblin zombies (D:4)
  19 kobolds
  A kobold zombie (D:4)
  An orc zombie (D:4)
273 creatures vanquished.

Vanquished Creatures (others)
  A plant (D:1)
1 creature vanquished.

Grand Total: 274 creatures vanquished

Notes
Turn   | Place    | Note
-------+----------+-------------------------------------------
     0 | D:1      | NotEbe the Minotaur Fighter began the quest for the Orb.
     0 | D:1      | Reached XP level 1. HP: 19/19 MP: 0/0
    96 | D:1      | Reached XP level 2. HP: 27/27 MP: 1/1
   469 | D:1      | Found a faded altar of an unknown god.
   964 | D:2      | Reached XP level 3. HP: 32/33 MP: 2/2
  1031 | D:2      | Identified the +0 robe of the Mantidfly {Dex+3}
  1258 | D:2      | Reached XP level 4. HP: 34/41 MP: 3/3
  1434 | D:2      | Reached skill level 3 in Long Blades
  1550 | D:3      | Identified the +0 ring mail of Cibe {Rampage rPois Int-5
                  | Slay+2}
  1966 | D:3      | Reached skill level 4 in Long Blades
  1966 | D:3      | Reached XP level 5. HP: 9/47 MP: 0/4
  3023 | D:3      | Noticed Robin
  3086 | D:3      | Killed Robin
  3227 | D:3      | Reached skill level 5 in Long Blades
  3230 | D:3      | Found an iron altar of Okawaru.
  3370 | D:4      | Noticed an ogre
  3380 | D:3      | Killed an ogre
  3381 | D:3      | Reached skill level 5 in Armour
  3381 | D:3      | Reached skill level 1 in Dodging
  3381 | D:3      | Reached XP level 6. HP: 6/53 MP: 1/5
  3799 | D:4      | Found a shimmering altar of Xom.
  3984 | D:4      | Reached skill level 5 in Fighting
  4009 | D:4      | Found Fuagiwna's Magic Scroll Emporium.
  4043 | D:4      | Reached XP level 7. HP: 35/61 MP: 3/6
  4234 | D:4      | Found a hide-covered altar of Uskayaw.
  4236 | D:4      | Found a basalt altar of Yredelemnul.
  4328 | D:4      | Reached skill level 6 in Long Blades
  4493 | D:5      | Entered Level 5 of the Dungeon
  4713 | D:5      | Reached skill level 5 in Shields
  4849 | D:5      | Reached skill level 1 in Stealth
  4905 | D:5      | Found a radiant altar of Vehumet.
  4964 | D:5      | Reached skill level 7 in Long Blades
  5031 | D:5      | Found a shimmering blue altar of Sif Muna.
  5037 | D:5      | Found a blossoming altar of Fedhas.
  5040 | D:5      | You fall into a shaft and drop 2 floors!
  5082 | D:7      | Reached XP level 8. HP: 62/69 MP: 7/7
  5148 | D:7      | Reached skill level 8 in Long Blades
  5243 | D:7      | Noticed Pikel
  5268 | D:7      | Killed Pikel
  5269 | D:7      | Reached skill level 9 in Long Blades
  5328 | D:6      | Reached XP level 9. HP: 57/78 MP: 5/8
  5570 | D:6      | Reached skill level 10 in Long Blades
  5587 | D:6      | Found a glowing golden altar of the Shining One.
  5656 | D:6      | Found a sparkling altar of Nemelex Xobeh.
  5792 | D:6      | Found a staircase to the Ecumenical Temple.
  6024 | D:6      | Became a worshipper of the Shining One
  6078 | D:7      | Noticed Joseph
  6102 | D:7      | Killed Joseph
  6716 | D:7      | Reached skill level 11 in Long Blades
  7272 | D:8      | Noticed Erica
  7644 | D:8      | Killed Erica
  8244 | D:8      | Found a white marble altar of Elyvilon.
  8455 | D:8      | Reached skill level 12 in Long Blades
  8455 | D:8      | Reached XP level 10. HP: 34/88 MP: 4/9
  8686 | D:8      | Found a glowing silver altar of Zin.
  8844 | D:8      | Found the +7 Throatcutter {drain, coup de grace}
  9361 | D:9      | Found Rapriss's CLEARANCE SALE!.
  9461 | D:9      | Reached * piety under the Shining One
 10023 | D:9      | Found a staircase to the Orcish Mines.
 10101 | D:9      | Noticed Erolcha
 10138 | D:9      | Killed Erolcha
 10139 | D:9      | Reached skill level 13 in Long Blades
 10694 | D:10     | Entered Level 10 of the Dungeon
 10753 | D:10     | Reached ** piety under the Shining One
 10835 | D:10     | Reached skill level 10 in Armour
 10931 | D:10     | Reached XP level 11. HP: 85/97 MP: 6/10
 11126 | D:10     | Reached skill level 14 in Long Blades
 11338 | D:10     | Identified the +4 leather armour of Ferocious Wonder {rC++
                  | Dex-3 Stlth+}
 11506 | D:11     | Noticed Grum
 11515 | D:11     | Killed Grum
 11736 | D:11     | Found a staircase to the Lair.
 11847 | D:11     | Reached skill level 10 in Fighting
 12230 | D:12     | Noticed an eight-headed hydra
 12238 | D:12     | Noticed Urug
 12242 | D:12     | HP: 4/99 [efreet/bolt of fire (8)]
 12243 | D:12     | Mangled by Urug

Illustrated notes

Levels and vault maps discovered:
D:1:      dpeg_arrival_arbitrary_c, layout_basic,
          hellmonk_ecumenical_altar_lost_god, chequers_garden,
          serial_bayou_lagoon_b
D:2:      layout_rooms, minmay_pentomino_v2
D:3:      kennysheep_goblin_castle, layout_loops_ring,
          okawaru_altar_gauntlet_db, kennysheep_generic_room_9
D:4:      nicolae_cairo_tiling_very_big, layout_rooms, xom_butterflies,
          nicolae_overflow_squiral, serial_shops, shop_fountains,
          minmay_mini_ossuary, uniq_robin
D:5:      layout_loops_ring, mainiacjoe_overflow_boulevard,
          fedhas_altar_decomposition, trog_antimagical,
          mainiacjoe_overflow_alcove_2
D:6:      layout_cave_pools, pf_just_have_faith, lemuel_coloured_pillars_altar,
          minmay_temple_entry_junction
D:7:      layout_loops_ring, uniq_joseph, uniq_pikel
D:8:      layout_basic, mainiacjoe_overflow_surrounded_room, kennysheep_mini,
          uniq_erica
D:9:      layout_stronghold, david_orc_3, nicolae_shop_clearance, uniq_erolcha
D:10:     layout_rooms, minmay_ruffians
D:11:     layout_roguey, lair_entry_dummy, uniq_grum
D:12:     layout_small_grid, kennysheep_kite_vault, uniq_urug, uniq_maurice,
          uniq_nergalle

Skill      XL: |  1  2  3  4  5  6  7  8  9 10 11 |
---------------+----------------------------------+-----
Armour         | 4 5 6 7 8 10 | 10.8
Fighting       | 4 5 6 7 9 10 | 10.0
Shields        | 4 5 6 |  6.4
Long Blades    | 4 5 7 9 12 13 14 | 14.9
Dodging        | 1 3 4 |  4.8
Stealth        | 1 2 |  2.0
Evocations     | |  0.2

Action                   |  1- 3 |  4- 6 |  7- 9 | 10-12 || total
-------------------------+-------+-------+-------+-------++-------
Melee: Long sword        |    73 |   143 |       |       ||   216
       Headbutt          |     5 |    17 |    33 |    56 ||   111
       Scimitar          |       |     2 |   199 |   109 ||   310
       Great sword       |       |       |       |   121 ||   121
Throw: Throwing net      |       |     1 |       |       ||     1
Invok: Divine Shield     |       |       |       |     1 ||     1
Evoke: Wand              |       |       |     1 |       ||     1
  Use: Scroll            |     2 |     5 |     5 |     2 ||    14
       Potion            |       |     3 |     4 |     4 ||    11
Armor: Scale mail        |    38 |    77 |    62 |       ||   177
       Plate armour      |       |       |       |   188 ||   188
Dodge: Dodged            |    27 |    58 |   111 |   128 ||   324
Block: Buckler           |    15 |    26 |    45 |    25 ||   111
       Other             |       |       |       |     2 ||     2
